 Dungeon Crawl Stone Soup version 0.31-a0-479-g91c9547826 (webtiles) character file.

Game seed: 4959923853437963911

2159 Ethylacetat the Trooper (level 9, -1/48 HPs)
             Began as a Vine Stalker Monk on Aug 7, 2023.
             Was a Believer of Uskayaw.
             Slain by Joseph
             ... wielding a +0 quarterstaff
              (5 damage)
             ... on level 7 of the Dungeon.
             The game lasted 00:16:06 (5712 turns).

Ethylacetat the Trooper (Vine Stalker Monk)         Turns: 5712, Time: 00:16:07

Health: -1/48      AC:  8    Str: 19    XL:     9   Next: 31%
Magic:  0/18       EV: 10    Int: 10    God:    Uskayaw [**....]
Gold:   367        SH:  4    Dex: 16    Spells: 19/19 levels left

rFire   . . .        E - +0 hand axe
rCold   . . .        l - +0 buckler
rNeg    . . .        D - +2 scale mail
rPois   .            (helmet currently unavailable)
rElec   .            B - melded +2 cloak
rCorr   .            (gloves currently unavailable)
SInv    .            (boots currently unavailable)
Will    +....        (no amulet) Stlth
                     (no ring)
HPRegen 1.08/turn    (no ring)
MPRegen 0.16/turn

%: guardian spirit
@: beast-form
A: beast (slay +3), fangs 3, regeneration 1, magic shield, antimagic bite, no
potion heal 2
a: Begin Untransformation, Renounce Religion, Stomp, Line Pass


You were on level 7 of the Dungeon.
You worshipped Uskayaw.
Uskayaw was noncommittal.
You were a hulking beast.
You visited 1 branch of the dungeon, and saw 7 of its levels.
You also visited: Sewer.

You collected 367 gold pieces.

Inventory:

Hand Weapons
 C - a +6 hand crossbow
 E - a +0 hand axe (weapon)
Missiles
 o - 8 poisoned darts
Armour
 l - a +0 buckler (worn)
 B - a +2 cloak (melded)
 D - a +2 scale mail (worn)
 J - a +1 helmet of see invisible
Talismans
 t - a serpent talisman
 I - a beast talisman (active)
Wands
 n - a wand of quicksilver (2)
 q - a wand of flame (35)
 F - a wand of polymorph (3)
 H - a wand of charming (9)
Scrolls
 a - a scroll of enchant armour {unknown}
 b - a scroll of acquirement {unknown}
 d - a scroll of poison {unknown}
 e - 6 scrolls of teleportation {unknown}
 g - a scroll of silence {unknown}
 h - a scroll of amnesia {unknown}
 j - 2 scrolls of vulnerability {unknown}
 p - 2 scrolls of revelation {unknown}
 r - a scroll of torment {unknown}
 s - a scroll of brand weapon {unknown}
 v - a scroll of fear {unknown}
 y - a scroll of blinking {unknown}
 z - 3 scrolls of identify {unknown}
 A - a scroll of enchant weapon {unknown}
 L - a scroll of immolation {unknown}
Potions
 f - 2 potions of lignification {unknown}
 i - 2 potions of haste {unknown}
 k - 7 potions of curing {unknown}
 m - a potion of heal wounds {unknown}
 u - a potion of attraction {unknown}
 w - 2 potions of brilliance {unknown}
 x - a potion of invisibility {unknown}
 G - 2 potions of mutation {unknown}
 K - a potion of resistance {unknown}
 M - a potion of cancellation {unknown}


   Skills:
 + Level 5.9 Fighting
 - Level 4.1 Axes
 - Level 2.4 Dodging
 + Level 5.5 Spellcasting
 * Level 5.8 Invocations
 * Level 4.4 Shapeshifting


You had 19 spell levels left.
You didn't know any spells.
Your spell library contained the following spells:

 Spells                   Type           Power      Damage    Failure   Level
 Ensorcelled Hibernation  Hex/Ice        4%         N/A       80%         2
 Anguish                  Hex/Necr       1%         N/A       100%        4


Dungeon Overview and Level Annotations

Branches:
Dungeon (7/15)             Temple (0/1) D:4           Sewer (visited)

Altars:
Ashenzari
Gozag
Qazlal
Sif Muna
Uskayaw
Yredelemnul
Zin
The Shining One

Annotations:
D:7 Joseph


Innate Abilities, Weirdness & Mutations

You are a hulking beast.
Your limbs bulge with bestial killing power. (Slay +3)
You have razor-sharp teeth.
Your natural rate of healing is unusually fast.
When hurt, damage is shared between your health and your magic reserves.
Your bite disrupts and absorbs the magic of your enemies.
Potions cannot restore your health.


Message History

Joseph zaps a wand.
The puff of flame hits you.
* * * LOW HITPOINT WARNING * * *
You miss Joseph. Your bite misses Joseph.
Joseph is moderately wounded.
Joseph zaps a wand.
The puff of flame hits you!
* * * LOW HITPOINT WARNING * * *
You barely miss Joseph.
Joseph is moderately wounded.
Joseph zaps a wand.
The puff of flame hits you.
You're too confused to move!
Joseph hits you with a +0 quarterstaff.
You miss Joseph. Your bite misses Joseph.
Joseph is moderately wounded.
You feel less invigorated.
You feel less confused. Joseph hits you with a +0 quarterstaff!
* * * LOW HITPOINT WARNING * * *
You slash Joseph! You bite Joseph! You drain his power.
You feel invigorated.
Joseph is severely wounded.
Joseph hits you with a +0 quarterstaff!
* * * LOW HITPOINT WARNING * * *
You can now pass through a line of other dancers.
You hit Joseph. Your bite misses Joseph.
Joseph is severely wounded.
Joseph closely misses you.
Joseph shouts, "I love to fight!
I love killing!"
Joseph barely misses you.
Okay, then.
You hit Joseph. Your bite misses Joseph.
Joseph is severely wounded.
Joseph completely misses you.
You barely miss Joseph.
Joseph is severely wounded.
Joseph hits you with a +0 quarterstaff!
* * * LOW HITPOINT WARNING * * *
Okay, then.
You closely miss Joseph. You bite Joseph. You drain his power.
You feel invigorated.
Joseph is severely wounded.
Joseph hits you with a +0 quarterstaff!
You die...

..>... .......
#########.......
..............#
..............#
..............#
..............#
.......h.....$#
.......@......#
..............+
..............###
.....#####......#
.....#...#......#
.... #...#......#
.... #...#......#
#...'......#


You could see Joseph.

Vanquished Creatures
  The ghost of Kiciri the Skirmisher, a novice TeHu of Fedhas (D:5)
  Sigmund (D:2)
  Edmund (D:6)
  2 phantoms
  3 bullfrogs (D:6)
  4 scorpions
  A howler monkey (D:5)
  2 jellies (D:6)
  6 hounds
  7 orc priests (D:5)
  A gnoll bouda (D:6)
  Crazy Yiuf (D:4)
  4 iguanas
  Terence (D:2)
  Natasha (thrice) (D:2)
  2 orc wizards (D:5)
  A hell rat (Sewer)
  8 gnolls
  3 adders
  3 river rats (Sewer)
  2 shadow imps (D:6)
  A white imp (D:7)
  2 worms
  3 dart slugs
  18 orcs
  8 ball pythons
  7 endoplasms
  4 giant cockroaches
  5 goblins
  5 hobgoblins
  2 jackals (D:5)
  3 quokkas
  A bat (D:3)
  A frilled lizard (D:1)
  5 kobolds
  10 rats
132 creatures vanquished.

Notes
Turn   | Place    | Note
-------+----------+-------------------------------------------
     0 | D:1      | Ethylacetat the Vine Stalker Monk began the quest for the
                  | Orb.
     0 | D:1      | Reached XP level 1. HP: 11/11 MP: 2/2
   182 | D:1      | Reached XP level 2. HP: 11/16 MP: 3/3
   499 | D:1      | Reached skill level 1 in Spellcasting
   744 | D:1      | Reached XP level 3. HP: 13/20 MP: 3/5
   924 | D:2      | Noticed Natasha
   931 | D:2      | HP: 1/20 [Natasha (3)]
   933 | D:2      | Killed Natasha
  1042 | D:2      | Noticed Terence
  1050 | D:2      | Killed Terence
  1051 | D:2      | Gained mutation: Your natural rate of healing is unusually
                  | fast. [Vine Stalker growth]
  1051 | D:2      | Reached XP level 4. HP: 20/24 MP: 4/8
  1143 | D:2      | Noticed Sigmund
  1165 | D:2      | Killed Sigmund
  1166 | D:2      | Reached XP level 5. HP: 25/29 MP: 8/10
  1166 | D:2      | Reached XP level 6. HP: 29/33 MP: 8/11
  1180 | D:2      | Noticed Natasha
  1193 | D:2      | Killed Natasha
  1645 | D:2      | Found a stormy altar of Qazlal.
  1710 | D:2      | Noticed Natasha
  1721 | D:2      | Killed Natasha
  1885 | D:2      | Found a faded altar of an unknown god.
  2006 | D:2      | Prayed at the altar of an unknown god.
  2006 | D:2      | Became a worshipper of Uskayaw the Reveller
  2006 | D:2      | Reached * piety under Uskayaw
  2006 | D:2      | Reached ** piety under Uskayaw
  2096 | D:3      | Found a broken altar of Ashenzari.
  2187 | D:3      | Reached *** piety under Uskayaw
  2189 | D:3      | Reached skill level 1 in Invocations
  2766 | D:4      | Reached XP level 7. HP: 24/38 MP: 6/13
  2894 | D:4      | Reached **** piety under Uskayaw
  2978 | D:4      | Found a staircase to the Ecumenical Temple.
  2992 | D:4      | Found a glowing drain.
  3009 | Sewer    | Entered a sewer
  3325 | D:4      | Found a runed translucent door.
  3326 | D:4      | Noticed Crazy Yiuf
  3423 | D:4      | Found an opulent altar of Gozag.
  3424 | D:4      | Found a glowing silver altar of Zin.
  3470 | D:4      | Killed Crazy Yiuf
  3471 | D:4      | Reached skill level 1 in Shapeshifting
  3557 | D:5      | Entered Level 5 of the Dungeon
  3572 | D:5      | Found a runed translucent gate.
  3572 | D:5      | Found a runed translucent gate.
  3592 | D:5      | Found a runed translucent gate.
  3593 | D:5      | Noticed Kiciri's ghost (novice TeHu)
  3625 | D:5      | Killed Kiciri's ghost
  3626 | D:5      | Reached skill level 5 in Fighting
  3626 | D:5      | Gained mutation: You have razor-sharp teeth. [Vine Stalker
                  | growth]
  3626 | D:5      | Reached XP level 8. HP: 25/43 MP: 7/15
  3627 | D:5      | Reached ***** piety under Uskayaw
  3641 | D:5      | HP: 1/43 [orc priest/divine providence (13)]
  3642 | D:5      | Reached ****** piety under Uskayaw
  4130 | D:5      | Reached skill level 5 in Spellcasting
  4312 | D:5      | Found a basalt altar of Yredelemnul.
  4315 | D:5      | Noticed a +0 hand axe
  4316 | D:5      | Noticed a +0 hand axe
  4320 | D:5      | Found a hide-covered altar of Uskayaw.
  4332 | D:5      | Found a glowing golden altar of the Shining One.
  4522 | D:5      | Found a shimmering blue altar of Sif Muna.
  4763 | D:6      | Reached skill level 5 in Invocations
  4941 | D:6      | Reached XP level 9. HP: 24/48 MP: 9/17
  5203 | D:6      | Noticed Edmund
  5214 | D:6      | Killed Edmund
  5228 | D:6      | Identified the +0 trident "Rutoqej" {heavy, rN+ Int+3
                  | Dex+3}
  5691 | D:7      | Noticed Joseph
  5697 | D:7      | HP: 2/48 [Joseph/puff of flame (6)]
  5711 | D:7      | HP: 2/48 [Joseph/+0 quarterstaff (4)]
  5712 | D:7      | Slain by Joseph

Illustrated notes

Levels and vault maps discovered:
D:1:      sevenhm_arrival_forest_fort_large_2, layout_loops_ring
D:2:      layout_basic, shapermc_ecumenical_altar_hornbeckon, basic_altar,
          serial_forest, infiniplex_forest_clump_tiny,
          infiniplex_forest_clump_diagonal, infiniplex_forest_clump_curved,
          infiniplex_forest_lined_3_way, infiniplex_forest_clump_curved,
          infiniplex_forest_clump_diagonal, infiniplex_forest_clump_cross,
          nicolae_figureground_sparkle, uniq_terence, uniq_natasha, uniq_sigmund
D:3:      layout_basic, mainiacjoe_overflow_chevrons
D:4:      layout_basic, grunt_temple_overflow_gold_and_silver, temple_fountains,
          cheibrodos_sewer_entry_drain, uniq_crazy_yiuf_cottage
D:5:      layout_gridville, dancing_weapons_uskayaw,
          mainiacjoe_overflow_concentric_impassable, grunt_temple_overflow_open,
          biasface_ghost_orc_armoury
D:6:      layout_gridville, st_stairs_8, nicolae_concentric_dashed_squares_mild,
          uniq_edmund
D:7:      layout_gridville, elyvilon_altar_4, uniq_joseph

Skill      XL: |  1  2  3  4  5  6  7  8  9 |
---------------+----------------------------+-----
Axes           | 3 4 |  4.1
Fighting       | 3 4 5 |  5.9
Spellcasting   | 1 2 3 4 5 |  5.5
Invocations    | 1 3 5 |  5.8
Shapeshifting  | 2 3 4 |  4.4
Dodging        | |  2.4

Action                     |  1- 3 |  4- 6 |  7- 9 || total
---------------------------+-------+-------+-------++-------
  Melee: Hand axe          |    63 |    79 |   211 ||   353
         Bite              |    19 |    30 |    62 ||   111
   Fire: Hand crossbow     |       |       |   110 ||   110
    Use: Potion            |       |       |     1 ||     1
   Stab: Paralysed         |       |     1 |    10 ||    11
 Armour: Robe              |     2 |       |       ||     2
         Ring mail         |     9 |    17 |    48 ||    74
         Scale mail        |       |       |    82 ||    82
  Dodge: Dodged            |    28 |    31 |   176 ||   235
  Block: Buckler           |       |    10 |    72 ||    82
   Form: Beast             |       |       |     1 ||     1

Table legend: (Time is in decaauts)
 A = Elapsed time spent in this place.
 B = Non-inter-level travel time spent in this place.
 C = Inter-level travel time spent in this place.
 D = Time resting spent in this place.
 E = Time spent auto-exploring this place.
 F = Levels seen in this place.
 G = Mean time per level.
                   A        B        C        D        E       F      G
               +--------+--------+--------+--------+--------+-----+--------+
         Total |   5903 |   5597 |    306 |     65 |   4297 |   8 |  737.9 |
       Dungeon |   5759 |   5453 |    306 |     65 |   4268 |   7 |  822.7 |
         Sewer |    144 |    144 |      0 |      0 |     29 |   1 |  144.0 |
               +--------+--------+--------+--------+--------+-----+--------+

Top non-repeatable levels by time:
     D:5: 1225 daAuts
     D:2: 1164 daAuts
     D:6: 976 daAuts
     D:1: 902 daAuts
     D:4: 759 daAuts
     D:3: 644 daAuts
   Sewer: 144 daAuts
     D:7: 85 daAuts
